 Dungeon Sprint DCSS version 0.27-a0-1245-g940ed4fa31 (webtiles) character file.

Game seed: 3109004861045794522

1285 mhtbhm the Martial Artist (level 8, 58/58 HPs)
             Began as a Merfolk Transmuter on June 9, 2021.
             Was a Believer of Vehumet.
             Quit the game in the Dungeon (Sprint IX: "|||||||||||||||||||||||||||||").
             The game lasted 00:01:45 (1171 turns).

mhtbhm the Martial Artist (Merfolk Transmuter)      Turns: 1171, Time: 00:01:45

Health: 58/58      AC:  3    Str: 12    XL:     8   Next: 55%
Magic:  18/18      EV: 16    Int: 12    God:    Vehumet [**....]
Gold:   0          SH:  0    Dex: 15    Spells: 11/21 levels left

rFire    . . .     SeeInvis .     - Unarmed
rCold    . . .     Faith    .   (no shield)
rNeg     . . .     Spirit   .   a - +0 robe
rPois    .         Reflect  .   (no helmet)
rElec    .         Harm     .   (no cloak)
rCorr    .         Rampage  .   j - +0 pair of gloves
Will     .....     NoTele   +   (no boots)
Stlth    ++........             (no amulet)
HPRegen  0.19/turn              (no ring)
MPRegen  0.16/turn              (no ring)

@: no status effects
A: (nimble swimmer 2), mertail
a: Renounce Religion


You were in the Dungeon.
You worshipped Vehumet.
Vehumet was pleased with you.
You visited 1 branch

Inventory:

Armour
 a - a +0 robe (worn)
 j - a +0 pair of gloves (worn)
Jewellery
 k - a +2 ring of protection
 l - a +2 ring of protection
Wands
 i - a wand of acid (10)
Scrolls
 g - 2 scrolls of amnesia
 h - 2 scrolls of blinking
Potions
 b - a potion of invisibility
 c - 5 potions of curing
 d - 3 potions of heal wounds
 e - a potion of haste
 f - 4 potions of magic


   Skills:
 + Level 3.4 Fighting
 + Level 8.8 Dodging
 + Level 3.4 Stealth
 + Level 13.5 Unarmed Combat
 + Level 7.2 Spellcasting
 + Level 10.4 Transmutations
 + Level 2.1 Ice Magic
 + Level 1.4 Poison Magic


You had 11 spell levels left.
You knew the following spells:

 Your Spells              Type           Power      Damage    Failure   Level
a - Beastly Appendage     Tmut           58%        N/A       1%          1
b - Wereblood             Tmut           29%        N/A       1%          2
c - Spider Form           Tmut/Pois      9%         N/A       4%          3
d - Ice Form              Ice/Tmut       19%        N/A       12%         4

Your spell library contained the following spells:

 Spells                   Type           Power      Damage    Failure   Level
 Sandblast                Erth           8%         2d5       16%         1


Dungeon Overview and Level Annotations

Branches:
Dungeon (1/1)

Altars:
Cheibriados
Dithmenos
Elyvilon
Fedhas
Gozag
Hepliaklqana
Kikubaaqudgha
Makhleb
Nemelex Xobeh
Okawaru
Qazlal
Ru
Sif Muna
Trog
Uskayaw
Vehumet
Wu Jian
Xom
Yredelemnul
Zin
The Shining One
Beogh
Jiyva
Lugonu


Innate Abilities, Weirdness & Mutations

((You are quick and stealthy near water. (Stealth+, EV+, Speed+++)))
Your lower body shifts to a powerful aquatic tail in water.


Message History

You hit the two-headed ogre. You freeze the two-headed ogre.
The two-headed ogre is almost dead.
The two-headed ogre closely misses you. The two-headed ogre barely misses you.
You pummel the two-headed ogre!! You freeze the two-headed ogre.
You feel a bit better.
You kill the two-headed ogre!
Vehumet accepts your kill.
You feel your power returning.
Your Fighting skill increases to level 3!
Your Dodging skill increases to level 8!
Your Stealth skill increases to level 3!
Your Unarmed Combat skill increases to level 13!
Your Spellcasting skill increases to level 7!
Your Transmutations skill increases to level 10!
Your Ice Magic skill increases to level 2!
You have reached level 8!
Items here: ))) [ ††.
You start resting.
Your primal bloodlust is almost over.
You start resting.
Your transformation is almost over.
You start resting.
Your primal bloodlust has ended.
You start resting.
You warm up again.
Your +0 pair of gloves unmelds from your body.
Your +0 robe unmelds from your body.
Unknown command.
You start resting.
Magic restored.
Okay, then.
You start resting.
You start resting.
HP restored.
Unknown command.
Okay, then.
There is an open door to the Dungeon, spattered with blood here.
You see here a +0 plate armour.
You see here a +0 pair of gloves.
Are you sure you want to abandon this character and quit the game? (Confirm with "yes".) ▓▓▓▓▓▓▓▓▓▓▓▓▓▓▓▓▓▓▓▓▓▓▓▓▓▓▓▓▓▓ ____________'..)@.[[..').....+ ▓▓▓▓▓▓▓▓▓▓▓▓▓▓▓▓▓▓▓▓▓▓▓▓▓▓▓▓▓▓

There were no monsters in sight!

Vanquished Creatures
  A two-headed ogre (D)
  An unseen horror (D)
  2 yaks (D)
  An orc priest (D)
  An iguana (D)
  A gnoll (D)
  2 adders (D)
  A dart slug (D)
  2 bats (D)
  A giant cockroach zombie (D)
  3 kobolds (D)
16 creatures vanquished.

Notes
Turn   | Place    | Note
-------+----------+-------------------------------------------
     0 | D        | mhtbhm the Merfolk Transmuter began the quest for the Orb.
     0 | D        | Reached XP level 1. HP: 15/15 MP: 3/3
    18 | D        | Reached skill level 4 in Unarmed Combat
   263 | D        | Noticed an iguana
   266 | D        | Killed an iguana
   267 | D        | Reached skill level 5 in Unarmed Combat
   267 | D        | Reached XP level 2. HP: 21/21 MP: 2/5
   267 | D        | Reached XP level 3. HP: 26/26 MP: 2/7
   271 | D        | Reached skill level 6 in Unarmed Combat
   277 | D        | Reached skill level 5 in Transmutations
   277 | D        | Reached XP level 4. HP: 32/32 MP: 2/8
   328 | D        | Found a snail-covered altar of Cheibriados.
   328 | D        | Found a shadowy altar of Dithmenos.
   328 | D        | Found a white marble altar of Elyvilon.
   328 | D        | Found a blossoming altar of Fedhas.
   328 | D        | Found an opulent altar of Gozag.
   329 | D        | Found a hazy altar of Hepliaklqana.
   330 | D        | Found a viscous altar of Jiyva.
   331 | D        | Found an ancient bone altar of Kikubaaqudgha.
   332 | D        | Found a corrupted altar of Lugonu.
   333 | D        | Found a burning altar of Makhleb.
   334 | D        | Found a sparkling altar of Nemelex Xobeh.
   335 | D        | Found an iron altar of Okawaru.
   336 | D        | Found a stormy altar of Qazlal.
   337 | D        | Found a sacrificial altar of Ru.
   338 | D        | Found a shimmering blue altar of Sif Muna.
   339 | D        | Found a bloodstained altar of Trog.
   340 | D        | Found a hide-covered altar of Uskayaw.
   341 | D        | Found a radiant altar of Vehumet.
   342 | D        | Found an ornate altar of the Wu Jian Council.
   343 | D        | Found a shimmering altar of Xom.
   344 | D        | Found a basalt altar of Yredelemnul.
   345 | D        | Found a glowing silver altar of Zin.
   346 | D        | Found a glowing golden altar of the Shining One.
   349 | D        | Became a worshipper of Vehumet
   353 | D        | Learned a level 2 spell: Wereblood
   357 | D        | Learned a level 3 spell: Spider Form
   386 | D        | Noticed a yak
   386 | D        | Noticed a yak
   386 | D        | Noticed a two-headed ogre
   394 | D        | Killed a yak
   395 | D        | Reached skill level 1 in Stealth
   395 | D        | Reached skill level 9 in Unarmed Combat
   395 | D        | Reached XP level 5. HP: 20/38 MP: 2/11
   398 | D        | Reached XP level 6. HP: 9/44 MP: 3/12
   651 | D        | Learned a level 4 spell: Ice Form
   990 | D        | Reached * piety under Vehumet
   990 | D        | Offered knowledge of Sandblast by Vehumet.
   994 | D        | Killed a yak
   995 | D        | Reached skill level 10 in Unarmed Combat
   995 | D        | Reached skill level 5 in Spellcasting
  1002 | D        | Killed an unseen horror
  1003 | D        | Reached skill level 12 in Unarmed Combat
  1003 | D        | Reached skill level 1 in Ice Magic
  1003 | D        | Reached skill level 1 in Poison Magic
  1003 | D        | Reached XP level 7. HP: 27/51 MP: 8/16
  1006 | D        | Killed a two-headed ogre
  1006 | D        | Reached ** piety under Vehumet
  1007 | D        | Reached skill level 13 in Unarmed Combat
  1007 | D        | Reached skill level 10 in Transmutations
  1007 | D        | Reached XP level 8. HP: 33/58 MP: 11/18
  1171 | D        | Quit the game

Illustrated notes

Levels and vault maps discovered:
D:        linesprint [early_d, line_temple, items_1, d_10, items_2, lair_1,
          lair_end, items_3, orc_1, orc_end, items_4, d_15, swamp_1, shoals_1,
          snake_1, spider_1, d_20, vaults_1, items_5, swamp_end, shoals_end,
          snake_end, spider_end, vaults_end, d_27, items_6, zot_1, zot_end,
          crypt_end, forest_end, elf_end, slime_end, tomb_end, abyss_end,
          pan_hell_end]

Skill      XL: |  1  2  3  4  5  6  7 |
---------------+----------------------+-----
Dodging        | 3 4 6 7 8 |  8.8
Unarmed Combat | 5 6 9 12 13 | 13.5
Transmutations | 4 5 6 9 10 | 10.4
Spellcasting   | 3 4 6 7 |  7.2
Stealth        | 1 2 3 |  3.4
Fighting       | 2 3 |  3.4
Ice Magic      | 1 2 |  2.1
Poison Magic   | 1 |  1.4

Action                   |  1- 3 |  4- 6 |  7- 9 || total
-------------------------+-------+-------+-------++-------
Melee: Unarmed           |    31 |    20 |     4 ||    55
       Headbutt          |     1 |       |       ||     1
       Punch             |     1 |       |       ||     1
 Cast: Beastly Appendage |     2 |     1 |       ||     3
       Spider Form       |       |     1 |       ||     1
       Wereblood         |       |     2 |       ||     2
       Ice Form          |       |     1 |       ||     1
  Use: Potion            |     1 |       |       ||     1
Armor: Robe              |     4 |       |       ||     4
       Skin              |       |     5 |       ||     5
Dodge: Dodged            |    14 |     9 |     4 ||    27

Table legend: (Time is in decaauts)
 A = Elapsed time spent in this place.
 B = Non-inter-level travel time spent in this place.
 C = Inter-level travel time spent in this place.
 D = Time resting spent in this place.
 E = Time spent auto-exploring this place.
 F = Levels seen in this place.
 G = Mean time per level.
                   A        B        C        D        E       F      G
               +--------+--------+--------+--------+--------+-----+--------+
         Total |   1174 |   1174 |      0 |   1000 |      0 |   1 | 1174.0 |
       Dungeon |   1174 |   1174 |      0 |   1000 |      0 |   1 | 1174.0 |
               +--------+--------+--------+--------+--------+-----+--------+

Top non-repeatable levels by time:
       D: 1174 daAuts
